Erie Otters vs Niagara IceDogs
Created - Tuesday, May 23, 2023 at 08:36
Goals
|
| Erie Otters |
1 |
2 |
2 |
5 |
| Niagara IceDogs |
2 |
3 |
2 |
7 |
|
Shots
|
| Erie Otters |
19 |
9 |
7 |
35 |
| Niagara IceDogs |
17 |
17 |
12 |
46 |
|
1st period
1. Erie Otters , Andy Andreoff 21 (Aaron Ness 11, Alex Newhook 64) at 2:12
2. Niagara IceDogs , Jonatan Berggren 25 (Anthony Angello 13) at 14:40
3. Niagara IceDogs , Anthony Angello 10 (Jacob MacDonald 11, Jonatan Berggren 40) at 15:51 (PP)
Penalties :
Ian Mitchell (NID) for Holding (Minor) at 7:20, Tim Soderlund (NID) for Fighting (Major) at 14:24, Alex Gallant (ERO) for Fighting (Major) at 14:24, Trent Frederic (ERO) for High sticking (Minor) at 15:42
2nd period
4. Niagara IceDogs , Aliaksei Protas 27 (Conor Timmins 19, Jack Quinn 8) at 3:27 (PP)
5. Niagara IceDogs , Joachim Blichfeld 31 (Jonatan Berggren 41, Anthony Angello 14) at 4:24
6. Erie Otters , Sampo Ranta 27 (Andy Andreoff 56, Michael Eyssimont 29) at 9:38 (PP)
7. Erie Otters , Alex Biega 7 (Alex Newhook 65, Trent Frederic 31) at 13:14 (PP)
8. Niagara IceDogs , Alex Whelan 10 (James Hamblin 9, Jayden Halbgewachs 24) at 15:57
Penalties :
Adam Werner (ERO) for Delaying the game (Minor) at 3:18 - Trent Frederic served the penalty, John Ludvig (NID) for Holding (Minor) at 9:26, Aliaksei Protas (NID) for Slashing (Minor) at 12:27, Alex Gallant (ERO) for Holding (Minor) at 16:13, Michael Eyssimont (ERO) for Elbowing (Minor) at 19:14
3rd period
9. Niagara IceDogs , Anthony Angello 11 (Joachim Blichfeld 21, Conor Timmins 20) at 9:56
10. Erie Otters , Michael Eyssimont 29 (Andy Andreoff 57, Sampo Ranta 34) at 13:36
11. Erie Otters , Alex Newhook 29 (Trent Frederic 32) at 14:38
12. Niagara IceDogs , Alex Whelan 11 (Jayden Halbgewachs 25, Conor Timmins 21) at 17:07
Penalties :
John Ludvig (NID) for Hooking (Minor) at 4:01, Alex Petrovic (ERO) for Cross-checking (Minor) at 10:36, John Ludvig (NID) for Fighting (Major) at 15:33, Alex Gallant (ERO) for Fighting (Major) at 15:33, Chase Pearson (NID) for Hooking (Minor) at 17:43
Goalie Stats
Adam Werner (ERO), 39 saves from 46 shots - (0.848), L, 3-3-0, 60:00 minutes
Dylan Ferguson (NID), 30 saves from 35 shots - (0.857), W, 9-2-1, 60:00 minutes
Players Stats for Erie Otters
Player Name G A P +/- PIM S H SB GA TA FO MP PP MP PK MP
------------------------------------------------------------------------------------
Aaron Luchuk 0 0 0 -1 0 1 0 1 0 0 5/9 12:02 0:00 0:09
Aaron Ness 0 1 1 -1 0 3 2 2 1 0 0/0 22:23 3:27 3:18
Abbott Girduckis 0 0 0 0 0 1 0 0 1 0 0/1 7:14 0:00 0:00
Adam Brubacher 0 0 0 0 0 0 1 0 0 0 0/0 7:53 0:00 0:39
Adam Clendening 0 0 0 -1 0 2 1 3 0 0 0/0 23:37 3:29 2:57
Alec McCrea 0 0 0 0 0 0 1 0 0 1 0/0 14:00 0:00 0:00
Alex Biega 1 0 1 -1 0 5 2 4 0 0 0/0 23:37 3:29 2:57
Alex Gallant 0 0 0 0 12 1 0 0 1 0 0/0 9:46 0:00 0:00
Alex Newhook 1 2 3 -3 0 4 2 1 1 1 6/22 21:09 3:49 3:06
Alex Petrovic 0 0 0 -1 2 1 1 2 1 0 0/0 21:29 3:27 2:01
Alex-Olivier Voyer 0 0 0 0 0 0 0 1 0 1 0/0 8:50 0:00 0:00
Andy Andreoff 1 2 3 1 0 2 1 1 0 0 8/21 20:12 3:07 3:09
Kevin Davis 0 0 0 0 0 0 1 1 0 1 0/0 14:38 0:00 0:38
Michael Eyssimont 1 1 2 1 2 1 3 0 1 1 0/1 17:46 3:07 0:00
Paul Cotter 0 0 0 -2 0 1 4 1 1 0 2/3 19:36 3:49 3:09
Sampo Ranta 1 1 2 1 0 6 2 0 0 1 0/1 17:03 3:07 0:00
Trent Frederic 0 2 2 -2 2 1 0 1 1 0 1/2 20:31 3:49 2:57
Ty Ronning 0 0 0 -1 0 6 1 0 3 1 0/0 11:53 0:00 0:00
Players Stats for Niagara IceDogs
Player Name G A P +/- PIM S H SB GA TA FO MP PP MP PK MP
------------------------------------------------------------------------------------
Alex Whelan 2 0 2 1 0 4 2 0 0 0 0/1 13:22 0:03 0:00
Aliaksei Protas 1 0 1 -2 2 6 2 0 0 0 0/1 18:24 3:04 2:42
Anthony Angello 2 2 4 3 0 4 5 0 0 0 1/1 15:29 3:07 0:00
Arttu Ruotsalainen 0 0 0 -2 0 0 3 0 0 0 13/19 18:56 3:04 3:27
Chase Pearson 0 0 0 0 2 1 1 3 0 1 2/4 9:30 0:00 0:53
Conor Timmins 0 3 3 2 0 2 0 0 1 1 0/0 21:24 3:10 3:54
Filip Kral 0 0 0 1 0 0 2 0 0 2 0/0 13:16 0:00 0:20
Ian Mitchell 0 0 0 0 2 2 2 1 3 0 0/0 25:31 3:05 2:19
Jack Quinn 0 1 1 -2 0 4 2 0 1 2 4/6 18:56 3:04 3:27
Jacob MacDonald 0 1 1 -1 0 3 3 3 0 1 0/0 26:06 3:05 2:57
James Hamblin 0 1 1 1 0 3 1 1 1 0 0/0 13:44 0:04 0:00
Jayden Halbgewachs 0 2 2 1 0 2 0 0 0 2 6/11 13:57 0:16 0:00
Joachim Blichfeld 1 1 2 3 0 7 3 0 1 0 0/0 15:29 3:07 0:00
Johannes Kinnvall 0 0 0 1 0 1 1 1 0 0 0/0 15:18 0:00 2:53
John Ludvig 0 0 0 1 9 1 2 0 0 2 0/0 18:24 3:10 1:29
Jonatan Berggren 1 2 3 3 0 5 0 2 0 0 12/17 18:53 2:56 3:13
Nicholas Robertson 0 0 0 0 0 1 2 2 0 0 0/0 8:31 0:00 0:10
Tim Soderlund 0 0 0 0 5 0 0 0 0 0 0/0 7:47 0:00 0:00
3 Stars
1 - Anthony Angello (NID)
2 - Jonatan Berggren (NID)
3 - Joachim Blichfeld (NID)
Power Play
Erie Otters - 2 on 5 Attempt(s) - 40.00%
Niagara IceDogs - 2 on 5 Attempt(s) - 40.00%
Penalty Kill
Erie Otters - 3 on 5 Attempt(s) - 60.00%
- Score 0 goal in Penalty Kill
Niagara IceDogs - 3 on 5 Attempt(s) - 60.00%
- Score 0 goal in Penalty Kill
Team Stat
Erie Otters - Hits : 22 - Faceoff Wins : 22 - Blocked Shots : 18 - Penalty Minutes : 20
Niagara IceDogs - Hits : 31 - Faceoff Wins : 38 - Blocked Shots : 13 - Penalty Minutes : 20
Official
Referees : Tom Chmielewski and Tim Peel
Linesman : Mark Wheler and Jonny Murray
Game Notes
Alex Gallant beats up Tim Soderlund at 14:24 of 1st period
9:56 of 3rd period - Niagara IceDogs goal is going for a video replay. After video review, Goal.
John Ludvig beats up Alex Gallant at 15:33 of 3rd period
Erie Otters
5 vs 5 Forward
Center Left Wing Right Wing Time % Phy DF OF
1 Alex Newhook Trent Frederic Paul Cotter 30 1 2 2
2 Andy Andreoff Michael Eyssimont Sampo Ranta 30 1 2 2
3 Aaron Luchuk Alex Gallant Ty Ronning 25 1 2 2
4 Abbott Girduckis Adam Brubacher Alex-Olivier Voyer 15 1 2 2
5 vs 5 Defense
Defense Defense Time % Phy DF OF
1 Adam Clendening Alex Biega 35 1 2 2
2 Aaron Ness Alex Petrovic 35 1 2 2
3 Alec McCrea Kevin Davis 30 1 2 2
4 Adam Clendening Alex Biega 0 1 2 2
PowerPlay Forward
Center Left Wing Right Wing Time % Phy DF OF
1 Alex Newhook Trent Frederic Paul Cotter 50 1 2 2
2 Andy Andreoff Michael Eyssimont Sampo Ranta 50 1 2 2
PowerPlay Defense
Defense Defense Time % Phy DF OF
1 Adam Clendening Alex Biega 50 1 2 2
2 Aaron Ness Alex Petrovic 50 1 2 2
Penalty Kill 4 Players Forward
Center Wing Time % Phy DF OF
1 Alex Newhook Trent Frederic 50 1 2 2
2 Andy Andreoff Paul Cotter 50 1 2 2
Penalty Kill 4 Players Defense
Defense Defense Time % Phy DF OF
1 Adam Clendening Alex Biega 50 1 2 2
2 Aaron Ness Alex Petrovic 50 1 2 2
Penalty Kill - 3 Players Forward
Forward Time % Phy DF OF
1 Alex Newhook 50 1 2 2
2 Trent Frederic 50 1 2 2
Penalty Kill - 3 Players Defense
Defense Defense Time % Phy DF OF
1 Adam Clendening Alex Biega 50 1 2 2
2 Aaron Ness Alex Petrovic 50 1 2 2
4 vs 4 Forward
Center Wing Time % Phy DF OF
1 Alex Newhook Trent Frederic 50 1 2 2
2 Andy Andreoff Paul Cotter 50 1 2 2
4 vs 4 Defense
Defense Defense Time % Phy DF OF
1 Adam Clendening Alex Biega 50 1 2 2
2 Aaron Ness Alex Petrovic 50 1 2 2
Last Minutes Offensive
Center Left Wing Right Wing Defense Defense
Alex Newhook Trent Frederic Paul Cotter Adam Clendening Alex Biega
Last Minutes Defensive
Center Left Wing Right Wing Defense Defense
Alex Newhook Trent Frederic Paul Cotter Adam Clendening Alex Biega
Goaltenders
Starting : Adam Werner
Backup : Keith Kinkaid
Extra Forwards
Normal : Ty Ronning, Alex-Olivier Voyer, Aaron Luchuk - PP : Ty Ronning, Alex-Olivier Voyer - PK : Aaron Luchuk
Extra Defensemen
Normal : Aaron Ness, Kevin Davis, Adam Brubacher - PP : Aaron Ness - PK : Kevin Davis, Adam Brubacher
Penalty Shots
Alex Newhook, Trent Frederic, Andy Andreoff, Paul Cotter, Michael Eyssimont
Niagara IceDogs
5 vs 5 Forward
Center Left Wing Right Wing Time % Phy DF OF
1 Arttu Ruotsalainen Aliaksei Protas Jack Quinn 30 1 2 2
2 Jonatan Berggren Joachim Blichfeld Anthony Angello 30 1 2 2
3 Jayden Halbgewachs James Hamblin Alex Whelan 25 1 2 2
4 Chase Pearson Nicholas Robertson Tim Soderlund 15 1 2 2
5 vs 5 Defense
Defense Defense Time % Phy DF OF
1 Ian Mitchell Jacob MacDonald 30 1 2 2
2 Conor Timmins John Ludvig 30 1 2 2
3 Filip Kral Johannes Kinnvall 25 1 2 2
4 Ian Mitchell Jacob MacDonald 15 1 2 2
PowerPlay Forward
Center Left Wing Right Wing Time % Phy DF OF
1 Arttu Ruotsalainen Aliaksei Protas Jack Quinn 50 1 2 2
2 Jonatan Berggren Joachim Blichfeld Anthony Angello 50 1 2 2
PowerPlay Defense
Defense Defense Time % Phy DF OF
1 Ian Mitchell Jacob MacDonald 50 1 2 2
2 Conor Timmins John Ludvig 50 1 2 2
Penalty Kill 4 Players Forward
Center Wing Time % Phy DF OF
1 Jack Quinn Arttu Ruotsalainen 50 1 2 2
2 Aliaksei Protas Jonatan Berggren 50 1 2 2
Penalty Kill 4 Players Defense
Defense Defense Time % Phy DF OF
1 Ian Mitchell Jacob MacDonald 50 1 2 2
2 Conor Timmins John Ludvig 50 1 2 2
Penalty Kill - 3 Players Forward
Forward Time % Phy DF OF
1 Jack Quinn 50 1 2 2
2 Arttu Ruotsalainen 50 1 2 2
Penalty Kill - 3 Players Defense
Defense Defense Time % Phy DF OF
1 Ian Mitchell Jacob MacDonald 50 1 2 2
2 Conor Timmins John Ludvig 50 1 2 2
4 vs 4 Forward
Center Wing Time % Phy DF OF
1 Jack Quinn Arttu Ruotsalainen 50 1 2 2
2 Aliaksei Protas Jonatan Berggren 50 1 2 2
4 vs 4 Defense
Defense Defense Time % Phy DF OF
1 Ian Mitchell Jacob MacDonald 50 1 2 2
2 Conor Timmins John Ludvig 50 1 2 2
Last Minutes Offensive
Center Left Wing Right Wing Defense Defense
Arttu Ruotsalainen Aliaksei Protas Jack Quinn Ian Mitchell Jacob MacDonald
Last Minutes Defensive
Center Left Wing Right Wing Defense Defense
Arttu Ruotsalainen Aliaksei Protas Jack Quinn Ian Mitchell Jacob MacDonald
Goaltenders
Starting : Dylan Ferguson
Backup : Joseph Woll
Extra Forwards
Normal : Jayden Halbgewachs, James Hamblin, Chase Pearson - PP : Jayden Halbgewachs, James Hamblin - PK : Chase Pearson
Extra Defensemen
Normal : Filip Kral, Johannes Kinnvall, Conor Timmins - PP : Filip Kral - PK : Johannes Kinnvall, Conor Timmins
Penalty Shots
Jack Quinn, Arttu Ruotsalainen, Aliaksei Protas, Jonatan Berggren, Joachim Blichfeld
% Time on Ice - Erie Otters
Lines # - Real PCT - Wanted PCT - Time Play
Normal Forward
1 - 29% - 30% - 13:46
2 - 30% - 30% - 13:56
3 - 25% - 25% - 11:53
4 - 15% - 15% - 7:14
Normal Defense
1 - 35% - 35% - 16:16
2 - 33% - 35% - 15:38
3 - 30% - 30% - 14:00
4 - 2% - 0% - 0:55
PP Forward
1 - 55% - 50% - 3:49
2 - 45% - 50% - 3:07
PP Defense
1 - 50% - 50% - 3:29
2 - 50% - 50% - 3:27
PK Forward
1 - 50% - 50% - 3:06
2 - 50% - 50% - 3:09
PK Defense
1 - 47% - 50% - 2:57
2 - 53% - 50% - 3:18
PK3 Forward
1 - 0% - 50%
2 - 0% - 50%
PK3 Defense
1 - 0% - 50%
2 - 0% - 50%
44 Forward
1 - 0% - 50%
2 - 0% - 50%
44 Defense
1 - 0% - 50%
2 - 0% - 50%
Last Minute Offensive - 0:00
Last Minute Defensive - 0:00
Total
Forward - 60:00
Defense - 60:00
|
% Time on Ice - Niagara IceDogs
Lines # - Real PCT - Wanted PCT - Time Play
Normal Forward
1 - 27% - 30% - 12:25
2 - 27% - 30% - 12:44
3 - 28% - 25% - 13:19
4 - 18% - 15% - 8:21
Normal Defense
1 - 30% - 30% - 14:06
2 - 32% - 30% - 15:09
3 - 26% - 25% - 12:22
4 - 11% - 15% - 5:12
PP Forward
1 - 50% - 50% - 3:07
2 - 50% - 50% - 3:08
PP Defense
1 - 49% - 50% - 3:05
2 - 51% - 50% - 3:10
PK Forward
1 - 50% - 50% - 3:30
2 - 50% - 50% - 3:26
PK Defense
1 - 46% - 50% - 3:11
2 - 54% - 50% - 3:45
PK3 Forward
1 - 0% - 50%
2 - 0% - 50%
PK3 Defense
1 - 0% - 50%
2 - 0% - 50%
44 Forward
1 - 0% - 50%
2 - 0% - 50%
44 Defense
1 - 0% - 50%
2 - 0% - 50%
Last Minute Offensive - 0:00
Last Minute Defensive - 0:00
Total
Forward - 60:00
Defense - 60:00
|
Play-by-Play
1st period
0:01 of 1st period - Arttu Ruotsalainen wins face-off versus Alex Newhook in neutral zone.
0:32 of 1st period - Michael Eyssimont is hit by Anthony Angello.
0:54 of 1st period - Wrist shot by Aaron Luchuk.
0:54 of 1st period - Shot Misses the Net.
0:56 of 1st period - Slapshot by Alex Biega.
0:56 of 1st period - Stopped by Dylan Ferguson with a rebound.
1:30 of 1st period - Jack Quinn is hit by Paul Cotter and loses puck.
1:47 of 1st period - Alex Petrovic is hit by Joachim Blichfeld and loses puck.
2:08 of 1st period - Wrist shot by Andy Andreoff.
2:08 of 1st period - Shot Blocked by Jacob MacDonald.
2:10 of 1st period - Slapshot by Aaron Ness.
2:10 of 1st period - Shot Blocked by James Hamblin.
2:12 of 1st period - Snap shot by Andy Andreoff.
2:12 of 1st period - Goal by Andy Andreoff - Erie Otters : 1 - Niagara IceDogs : 0.
2:13 of 1st period - Aaron Luchuk wins face-off versus Chase Pearson in neutral zone.
2:24 of 1st period - Snap shot by Nicholas Robertson.
2:24 of 1st period - Shot Misses the Net.
2:38 of 1st period - Andy Andreoff is hit by Jack Quinn and loses puck.
3:19 of 1st period - Alex Whelan is hit by Alex Biega and loses puck.
3:54 of 1st period - Wrist shot by Ty Ronning.
3:54 of 1st period - Shot Misses the Net.
3:56 of 1st period - Snap shot by Aaron Ness.
3:56 of 1st period - Stopped by Dylan Ferguson with a rebound.
4:14 of 1st period - Snap shot by Jonatan Berggren.
4:14 of 1st period - Shot Misses the Net.
4:20 of 1st period - Wrist shot by Joachim Blichfeld.
4:20 of 1st period - Stopped by Adam Werner without a rebound.
4:21 of 1st period - Andy Andreoff wins face-off versus Alex Whelan in Erie Otters zone.
4:46 of 1st period - Ty Ronning is hit by Joachim Blichfeld and loses puck.
6:12 of 1st period - Wrist shot by Joachim Blichfeld.
6:12 of 1st period - Stopped by Adam Werner with a rebound.
6:14 of 1st period - Slapshot by Filip Kral.
6:14 of 1st period - Shot Misses the Net.
6:16 of 1st period - Wrist shot by Jonatan Berggren.
6:16 of 1st period - Stopped by Adam Werner with a rebound.
6:18 of 1st period - Snap shot by Anthony Angello.
6:18 of 1st period - Stopped by Adam Werner with a rebound.
6:20 of 1st period - Slapshot by Johannes Kinnvall.
6:20 of 1st period - Stopped by Adam Werner with a rebound.
6:22 of 1st period - Slapshot by Anthony Angello.
6:22 of 1st period - Stopped by Adam Werner with a rebound.
7:12 of 1st period - Nicholas Robertson is hit by Michael Eyssimont and loses puck.
7:20 of 1st period - Minor Penalty to Ian Mitchell for Holding.
7:21 of 1st period - Alex Newhook wins face-off versus Jack Quinn in Niagara IceDogs zone.
9:20 of 1st period - Penalty to Ian Mitchell is over, Ian Mitchell is back on ice.
9:47 of 1st period - Adam Brubacher is hit by Jacob MacDonald and loses puck.
9:52 of 1st period - Slapshot by Chase Pearson.
9:52 of 1st period - Stopped by Adam Werner with a rebound.
9:54 of 1st period - Snap shot by Nicholas Robertson.
9:54 of 1st period - Stopped by Adam Werner with a rebound.
10:22 of 1st period - Wrist shot by Alex-Olivier Voyer.
10:22 of 1st period - Shot Blocked by Jonatan Berggren.
10:24 of 1st period - Wrist shot by Alex-Olivier Voyer.
10:24 of 1st period - Shot Misses the Net.
10:26 of 1st period - Snap shot by Adam Clendening.
10:26 of 1st period - Stopped by Dylan Ferguson with a rebound.
10:28 of 1st period - Wrist shot by Adam Brubacher.
10:28 of 1st period - Shot Blocked by Jonatan Berggren.
10:30 of 1st period - Snap shot by Alex Petrovic.
10:30 of 1st period - Stopped by Dylan Ferguson with a rebound.
10:32 of 1st period - Snap shot by Abbott Girduckis.
10:32 of 1st period - Shot Misses the Net.
10:34 of 1st period - Wrist shot by Abbott Girduckis.
10:34 of 1st period - Stopped by Dylan Ferguson without a rebound.
10:35 of 1st period - Arttu Ruotsalainen wins face-off versus Alex Newhook in Niagara IceDogs zone.
10:41 of 1st period - Icing by Alex Biega.
10:42 of 1st period - Arttu Ruotsalainen wins face-off versus Alex Newhook in Erie Otters zone.
10:43 of 1st period - Slapshot by Jack Quinn.
10:43 of 1st period - Stopped by Adam Werner without a rebound.
10:44 of 1st period - Alex Newhook wins face-off versus Arttu Ruotsalainen in Erie Otters zone.
10:49 of 1st period - Wrist shot by Aliaksei Protas.
10:49 of 1st period - Shot Misses the Net.
11:07 of 1st period - Wrist shot by Alex Newhook.
11:07 of 1st period - Stopped by Dylan Ferguson with a rebound.
11:09 of 1st period - Wrist shot by Alex Newhook.
11:09 of 1st period - Shot Misses the Net.
11:11 of 1st period - Slapshot by Alex Biega.
11:11 of 1st period - Stopped by Dylan Ferguson with a rebound.
11:13 of 1st period - Snap shot by Alex Biega.
11:13 of 1st period - Stopped by Dylan Ferguson with a rebound.
11:15 of 1st period - Slapshot by Alex Newhook.
11:15 of 1st period - Stopped by Dylan Ferguson without a rebound.
11:16 of 1st period - Jonatan Berggren wins face-off versus Andy Andreoff in Niagara IceDogs zone.
11:16 of 1st period - Jonatan Berggren is hit by Sampo Ranta.
11:28 of 1st period - Off-side.
11:29 of 1st period - Jayden Halbgewachs wins face-off versus Andy Andreoff in neutral zone.
11:32 of 1st period - Andy Andreoff is hit by James Hamblin and loses puck.
11:55 of 1st period - Aaron Ness is hit by Aliaksei Protas and loses puck.
12:05 of 1st period - Off-side.
12:06 of 1st period - Jonatan Berggren wins face-off versus Alex Newhook in neutral zone.
13:24 of 1st period - Snap shot by Ty Ronning.
13:24 of 1st period - Stopped by Dylan Ferguson with a rebound.
13:26 of 1st period - Slapshot by Aaron Ness.
13:26 of 1st period - Stopped by Dylan Ferguson with a rebound.
13:28 of 1st period - Slapshot by Ty Ronning.
13:28 of 1st period - Stopped by Dylan Ferguson with a rebound.
13:30 of 1st period - Slapshot by Ty Ronning.
13:30 of 1st period - Stopped by Dylan Ferguson with a rebound.
13:32 of 1st period - Wrist shot by Ty Ronning.
13:32 of 1st period - Stopped by Dylan Ferguson with a rebound.
14:18 of 1st period - Alex Biega is hit by Nicholas Robertson and loses puck.
14:24 of 1st period - Alex Gallant beats up Tim Soderlund.
14:24 of 1st period - Penalty to Tim Soderlund for Fighting.
14:24 of 1st period - Penalty to Alex Gallant for Fighting.
14:25 of 1st period - Jonatan Berggren wins face-off versus Alex Newhook in Erie Otters zone.
14:36 of 1st period - Wrist shot by Jonatan Berggren.
14:36 of 1st period - Shot Blocked by Trent Frederic.
14:38 of 1st period - Snap shot by Anthony Angello.
14:38 of 1st period - Shot Blocked by Adam Clendening.
14:40 of 1st period - Snap shot by Jonatan Berggren.
14:40 of 1st period - Goal by Jonatan Berggren - Erie Otters : 1 - Niagara IceDogs : 1.
14:41 of 1st period - Andy Andreoff wins face-off versus Arttu Ruotsalainen in neutral zone.
14:49 of 1st period - Off-side.
14:50 of 1st period - Arttu Ruotsalainen wins face-off versus Andy Andreoff in neutral zone.
14:53 of 1st period - Adam Clendening is hit by Arttu Ruotsalainen and loses puck.
15:21 of 1st period - Snap shot by Arttu Ruotsalainen.
15:21 of 1st period - Shot Misses the Net.
15:23 of 1st period - Wrist shot by Jack Quinn.
15:23 of 1st period - Stopped by Adam Werner with a rebound.
15:27 of 1st period - Snap shot by Aliaksei Protas.
15:27 of 1st period - Stopped by Adam Werner with a rebound.
15:29 of 1st period - Slapshot by Aliaksei Protas.
15:29 of 1st period - Shot Misses the Net.
15:31 of 1st period - Snap shot by Arttu Ruotsalainen.
15:31 of 1st period - Shot Misses the Net.
15:37 of 1st period - Snap shot by Aliaksei Protas.
15:37 of 1st period - Stopped by Adam Werner without a rebound.
15:38 of 1st period - Anthony Angello wins face-off versus Alex Newhook in Erie Otters zone.
15:42 of 1st period - Minor Penalty to Trent Frederic for High sticking.
15:43 of 1st period - Jonatan Berggren wins face-off versus Alex Newhook in Erie Otters zone.
15:45 of 1st period - Wrist shot by Jonatan Berggren.
15:45 of 1st period - Shot Misses the Net.
15:47 of 1st period - Slapshot by Jacob MacDonald.
15:47 of 1st period - Stopped by Adam Werner with a rebound.
15:49 of 1st period - Snap shot by Jacob MacDonald.
15:49 of 1st period - Shot Misses the Net.
15:51 of 1st period - Slapshot by Anthony Angello.
15:51 of 1st period - Goal by Anthony Angello - Erie Otters : 1 - Niagara IceDogs : 2.
15:52 of 1st period - Aaron Luchuk wins face-off versus Jonatan Berggren in neutral zone.
15:59 of 1st period - Snap shot by Ty Ronning.
15:59 of 1st period - Deflect By Aaron Luchuk.
15:59 of 1st period - Shot Misses the Net.
15:59 of 1st period - Puck is out of play.
16:00 of 1st period - Jonatan Berggren wins face-off versus Aaron Luchuk in Niagara IceDogs zone.
16:11 of 1st period - Snap shot by Joachim Blichfeld.
16:11 of 1st period - Stopped by Adam Werner without a rebound.
16:12 of 1st period - Alex Newhook wins face-off versus Jayden Halbgewachs in Erie Otters zone.
16:22 of 1st period - Off-side.
16:23 of 1st period - Jayden Halbgewachs wins face-off versus Paul Cotter in neutral zone.
16:34 of 1st period - Snap shot by Trent Frederic.
16:34 of 1st period - Shot Blocked by Jacob MacDonald.
16:59 of 1st period - Alec McCrea is hit by Anthony Angello and loses puck.
17:14 of 1st period - Snap shot by Sampo Ranta.
17:14 of 1st period - Stopped by Dylan Ferguson with a rebound.
17:16 of 1st period - Wrist shot by Sampo Ranta.
17:16 of 1st period - Shot Misses the Net.
17:18 of 1st period - Slapshot by Alex Petrovic.
17:18 of 1st period - Shot Misses the Net.
17:20 of 1st period - Snap shot by Sampo Ranta.
17:20 of 1st period - Stopped by Dylan Ferguson with a rebound.
17:22 of 1st period - Wrist shot by Sampo Ranta.
17:22 of 1st period - Stopped by Dylan Ferguson without a rebound.
17:23 of 1st period - Alex Newhook wins face-off versus Jayden Halbgewachs in Niagara IceDogs zone.
17:32 of 1st period - Snap shot by James Hamblin.
17:32 of 1st period - Stopped by Adam Werner with a rebound.
17:34 of 1st period - Slapshot by Jacob MacDonald.
17:34 of 1st period - Shot Blocked by Alex Newhook.
17:36 of 1st period - Slapshot by Alex Whelan.
17:36 of 1st period - Shot Blocked by Alex Biega.
17:50 of 1st period - Aliaksei Protas is hit by Ty Ronning and loses puck.
18:11 of 1st period - Sampo Ranta is hit by Nicholas Robertson and loses puck.
18:24 of 1st period - Alex Biega is hit by Filip Kral and loses puck.
19:05 of 1st period - Sampo Ranta is hit by Anthony Angello and loses puck.
19:33 of 1st period - Jacob MacDonald is hit by Adam Brubacher.
19:51 of 1st period - Snap shot by Alex Gallant.
19:51 of 1st period - Stopped by Dylan Ferguson with a rebound.
Goals for this period are 1 for Erie Otters vs 2 for Niagara IceDogs.
Shots for this period are 19 for Erie Otters vs 17 for Niagara IceDogs.
2nd period
0:01 of 2nd period - Jayden Halbgewachs wins face-off versus Alex Newhook in neutral zone.
0:15 of 2nd period - Snap shot by Trent Frederic.
0:15 of 2nd period - Stopped by Dylan Ferguson with a rebound.
0:30 of 2nd period - Adam Clendening is hit by Anthony Angello and loses puck.
0:56 of 2nd period - Alex Gallant is hit by John Ludvig and loses puck.
1:15 of 2nd period - Snap shot by Adam Clendening.
1:15 of 2nd period - Shot Misses the Net.
1:27 of 2nd period - Slapshot by Alex Biega.
1:27 of 2nd period - Stopped by Dylan Ferguson with a rebound.
2:08 of 2nd period - Sampo Ranta is hit by Arttu Ruotsalainen and loses puck.
2:15 of 2nd period - Andy Andreoff is hit by Filip Kral and loses puck.
2:34 of 2nd period - Snap shot by Alex Gallant.
2:34 of 2nd period - Shot Blocked by Nicholas Robertson.
2:36 of 2nd period - Wrist shot by Aaron Luchuk.
2:36 of 2nd period - Deflect By Ty Ronning.
2:36 of 2nd period - Stopped by Dylan Ferguson with a rebound.
2:38 of 2nd period - Wrist shot by Ty Ronning.
2:38 of 2nd period - Shot Blocked by Chase Pearson.
2:40 of 2nd period - Snap shot by Alex Gallant.
2:40 of 2nd period - Shot Misses the Net.
2:42 of 2nd period - Snap shot by Aaron Ness.
2:42 of 2nd period - Stopped by Dylan Ferguson without a rebound.
2:43 of 2nd period - Jayden Halbgewachs wins face-off versus Alex Newhook in Niagara IceDogs zone.
2:43 of 2nd period - Jayden Halbgewachs is hit by Paul Cotter.
3:14 of 2nd period - Slapshot by Aliaksei Protas.
3:14 of 2nd period - Shot Misses the Net.
3:16 of 2nd period - Wrist shot by Aliaksei Protas.
3:16 of 2nd period - Shot Blocked by Kevin Davis.
3:18 of 2nd period - Wrist shot by Aliaksei Protas.
3:18 of 2nd period - Stopped by Adam Werner without a rebound.
3:18 of 2nd period - Minor Penalty to Adam Werner for Delaying the game.
3:19 of 2nd period - Arttu Ruotsalainen wins face-off versus Andy Andreoff in Erie Otters zone.
3:23 of 2nd period - Slapshot by Conor Timmins.
3:23 of 2nd period - Shot Blocked by Andy Andreoff.
3:25 of 2nd period - Slapshot by Conor Timmins.
3:25 of 2nd period - Stopped by Adam Werner with a rebound.
3:27 of 2nd period - Wrist shot by Aliaksei Protas.
3:27 of 2nd period - Goal by Aliaksei Protas - Erie Otters : 1 - Niagara IceDogs : 3.
3:28 of 2nd period - Paul Cotter wins face-off versus Jonatan Berggren in neutral zone.
3:39 of 2nd period - Snap shot by Alex Newhook.
3:39 of 2nd period - Shot Hit the Post.
3:53 of 2nd period - Jacob MacDonald is hit by Andy Andreoff and loses puck.
4:08 of 2nd period - Snap shot by Jonatan Berggren.
4:08 of 2nd period - Shot Misses the Net.
4:10 of 2nd period - Snap shot by Joachim Blichfeld.
4:10 of 2nd period - Stopped by Adam Werner with a rebound.
4:12 of 2nd period - Slapshot by John Ludvig.
4:12 of 2nd period - Shot Misses the Net.
4:14 of 2nd period - Wrist shot by Joachim Blichfeld.
4:14 of 2nd period - Stopped by Adam Werner with a rebound.
4:24 of 2nd period - Wrist shot by Joachim Blichfeld.
4:24 of 2nd period - Goal by Joachim Blichfeld - Erie Otters : 1 - Niagara IceDogs : 4.
4:25 of 2nd period - Arttu Ruotsalainen wins face-off versus Aaron Luchuk in neutral zone.
5:12 of 2nd period - Wrist shot by Chase Pearson.
5:12 of 2nd period - Shot Blocked by Alex Biega.
5:14 of 2nd period - Snap shot by Tim Soderlund.
5:14 of 2nd period - Deflect By Adam Clendening.
5:14 of 2nd period - Shot Blocked by Adam Clendening.
5:14 of 2nd period - Puck is out of play.
5:15 of 2nd period - Chase Pearson wins face-off versus Abbott Girduckis in Erie Otters zone.
5:53 of 2nd period - Snap shot by Arttu Ruotsalainen.
5:53 of 2nd period - Shot Blocked by Paul Cotter.
6:26 of 2nd period - Snap shot by Sampo Ranta.
6:26 of 2nd period - Stopped by Dylan Ferguson with a rebound.
7:57 of 2nd period - Slapshot by Adam Clendening.
7:57 of 2nd period - Stopped by Dylan Ferguson with a rebound.
8:13 of 2nd period - Nicholas Robertson is hit by Aaron Ness and loses puck.
8:44 of 2nd period - Ian Mitchell is hit by Kevin Davis and loses puck.
8:59 of 2nd period - Jayden Halbgewachs is hit by Alex Newhook.
9:19 of 2nd period - Alex Newhook is hit by John Ludvig.
9:26 of 2nd period - Minor Penalty to John Ludvig for Holding.
9:27 of 2nd period - Andy Andreoff wins face-off versus Jack Quinn in Niagara IceDogs zone.
9:34 of 2nd period - Slapshot by Andy Andreoff.
9:34 of 2nd period - Shot Misses the Net.
9:36 of 2nd period - Snap shot by Sampo Ranta.
9:36 of 2nd period - Shot Misses the Net.
9:38 of 2nd period - Wrist shot by Sampo Ranta.
9:38 of 2nd period - Goal by Sampo Ranta - Erie Otters : 2 - Niagara IceDogs : 4.
9:39 of 2nd period - Jonatan Berggren wins face-off versus Andy Andreoff in neutral zone.
10:04 of 2nd period - Alex Gallant is hit by Ian Mitchell and loses puck.
10:09 of 2nd period - Snap shot by Aliaksei Protas.
10:09 of 2nd period - Stopped by Adam Werner with a rebound.
10:11 of 2nd period - Slapshot by Jacob MacDonald.
10:11 of 2nd period - Deflect By Aliaksei Protas.
10:11 of 2nd period - Shot Misses the Net.
10:11 of 2nd period - Puck is out of play.
10:12 of 2nd period - Trent Frederic wins face-off versus Arttu Ruotsalainen in Erie Otters zone.
10:37 of 2nd period - Anthony Angello is hit by Michael Eyssimont and loses puck.
10:42 of 2nd period - Snap shot by Andy Andreoff.
10:42 of 2nd period - Shot Misses the Net.
10:44 of 2nd period - Wrist shot by Andy Andreoff.
10:44 of 2nd period - Stopped by Dylan Ferguson with a rebound.
11:12 of 2nd period - Wrist shot by Alex Gallant.
11:12 of 2nd period - Deflect By Ty Ronning.
11:12 of 2nd period - Shot Blocked by Johannes Kinnvall.
11:12 of 2nd period - Puck is out of play.
11:13 of 2nd period - Jack Quinn wins face-off versus Alex Newhook in Niagara IceDogs zone.
12:03 of 2nd period - Snap shot by Jonatan Berggren.
12:03 of 2nd period - Stopped by Adam Werner without a rebound.
12:04 of 2nd period - Arttu Ruotsalainen wins face-off versus Alex Newhook in Erie Otters zone.
12:27 of 2nd period - Minor Penalty to Aliaksei Protas for Slashing.
12:28 of 2nd period - Chase Pearson wins face-off versus Alex Newhook in Niagara IceDogs zone.
12:43 of 2nd period - Jack Quinn is hit by Paul Cotter and loses puck.
13:12 of 2nd period - Snap shot by Alex Newhook.
13:12 of 2nd period - Shot Blocked by Jacob MacDonald.
13:14 of 2nd period - Slapshot by Alex Biega.
13:14 of 2nd period - Goal by Alex Biega - Erie Otters : 3 - Niagara IceDogs : 4.
13:15 of 2nd period - Andy Andreoff wins face-off versus Jonatan Berggren in neutral zone.
13:18 of 2nd period - Slapshot by Sampo Ranta.
13:18 of 2nd period - Shot Misses the Net.
14:29 of 2nd period - Snap shot by Jack Quinn.
14:29 of 2nd period - Stopped by Adam Werner with a rebound.
14:31 of 2nd period - Slapshot by Conor Timmins.
14:31 of 2nd period - Stopped by Adam Werner with a rebound.
14:33 of 2nd period - Slapshot by John Ludvig.
14:33 of 2nd period - Deflect By Alex Biega.
14:33 of 2nd period - Stopped by Adam Werner with a rebound.
15:34 of 2nd period - Jacob MacDonald is hit by Paul Cotter and loses puck.
15:41 of 2nd period - Slapshot by Jacob MacDonald.
15:41 of 2nd period - Stopped by Adam Werner with a rebound.
15:43 of 2nd period - Slapshot by Ian Mitchell.
15:43 of 2nd period - Stopped by Adam Werner with a rebound.
15:45 of 2nd period - Snap shot by Alex Whelan.
15:45 of 2nd period - Shot Misses the Net.
15:47 of 2nd period - Wrist shot by Jayden Halbgewachs.
15:47 of 2nd period - Shot Blocked by Aaron Ness.
15:49 of 2nd period - Wrist shot by Jacob MacDonald.
15:49 of 2nd period - Shot Misses the Net.
15:51 of 2nd period - Snap shot by Alex Whelan.
15:51 of 2nd period - Shot Misses the Net.
15:53 of 2nd period - Snap shot by Jayden Halbgewachs.
15:53 of 2nd period - Deflect By James Hamblin.
15:53 of 2nd period - Stopped by Adam Werner with a rebound.
15:55 of 2nd period - Snap shot by Alex Whelan.
15:55 of 2nd period - Stopped by Adam Werner with a rebound.
15:57 of 2nd period - Snap shot by Alex Whelan.
15:57 of 2nd period - Goal by Alex Whelan - Erie Otters : 3 - Niagara IceDogs : 5.
15:58 of 2nd period - Arttu Ruotsalainen wins face-off versus Andy Andreoff in neutral zone.
16:03 of 2nd period - Snap shot by Arttu Ruotsalainen.
16:03 of 2nd period - Shot Misses the Net.
16:05 of 2nd period - Slapshot by Filip Kral.
16:05 of 2nd period - Shot Misses the Net.
16:07 of 2nd period - Snap shot by Johannes Kinnvall.
16:07 of 2nd period - Shot Misses the Net.
16:09 of 2nd period - Snap shot by Jack Quinn.
16:09 of 2nd period - Stopped by Adam Werner without a rebound.
16:10 of 2nd period - Aaron Luchuk wins face-off versus Jonatan Berggren in Erie Otters zone.
16:10 of 2nd period - Aaron Luchuk is hit by Anthony Angello.
16:13 of 2nd period - Minor Penalty to Alex Gallant for Holding.
16:14 of 2nd period - Alex Newhook wins face-off versus Arttu Ruotsalainen in Erie Otters zone.
18:13 of 2nd period - Penalty to Alex Gallant is over, Alex Gallant is back on ice.
18:26 of 2nd period - Abbott Girduckis is hit by Ian Mitchell and loses puck.
19:01 of 2nd period - Johannes Kinnvall is hit by Michael Eyssimont and loses puck.
19:14 of 2nd period - Minor Penalty to Michael Eyssimont for Elbowing.
19:15 of 2nd period - Jonatan Berggren wins face-off versus Andy Andreoff in Erie Otters zone.
19:20 of 2nd period - Snap shot by Jonatan Berggren.
19:20 of 2nd period - Shot Blocked by Alex Biega.
19:38 of 2nd period - Alex Newhook is hit by Jack Quinn and loses puck.
Goals for this period are 2 for Erie Otters vs 3 for Niagara IceDogs.
Shots for this period are 9 for Erie Otters vs 17 for Niagara IceDogs.
3rd period
0:01 of 3rd period - Jonatan Berggren wins face-off versus Andy Andreoff in neutral zone.
0:10 of 3rd period - Slapshot by Jonatan Berggren.
0:10 of 3rd period - Shot Misses the Net.
0:12 of 3rd period - Snap shot by John Ludvig.
0:12 of 3rd period - Deflect By Jonatan Berggren.
0:12 of 3rd period - Shot Blocked by Aaron Ness.
0:12 of 3rd period - Puck is out of play.
0:13 of 3rd period - Jonatan Berggren wins face-off versus Andy Andreoff in Erie Otters zone.
1:14 of 3rd period - Penalty to Michael Eyssimont is over, Michael Eyssimont is back on ice.
1:17 of 3rd period - Alex Biega is hit by Alex Whelan and loses puck.
1:44 of 3rd period - Michael Eyssimont is hit by Chase Pearson and loses puck.
2:17 of 3rd period - Alex-Olivier Voyer is hit by Jacob MacDonald and loses puck.
2:33 of 3rd period - Snap shot by Ty Ronning.
2:33 of 3rd period - Stopped by Dylan Ferguson with a rebound.
2:39 of 3rd period - Aaron Luchuk is hit by Alex Whelan and loses puck.
2:52 of 3rd period - Slapshot by Andy Andreoff.
2:52 of 3rd period - Shot Misses the Net.
2:54 of 3rd period - Slapshot by Aaron Ness.
2:54 of 3rd period - Shot Hit the Post.
3:06 of 3rd period - Snap shot by Joachim Blichfeld.
3:06 of 3rd period - Shot Blocked by Alex-Olivier Voyer.
3:43 of 3rd period - Snap shot by Jayden Halbgewachs.
3:43 of 3rd period - Deflect By James Hamblin.
3:43 of 3rd period - Shot Misses the Net.
3:43 of 3rd period - Puck is out of play.
3:44 of 3rd period - Andy Andreoff wins face-off versus Jayden Halbgewachs in Erie Otters zone.
4:01 of 3rd period - Minor Penalty to John Ludvig for Hooking.
4:02 of 3rd period - Jack Quinn wins face-off versus Alex Newhook in Niagara IceDogs zone.
4:31 of 3rd period - Johannes Kinnvall is hit by Sampo Ranta and loses puck.
4:54 of 3rd period - Aliaksei Protas is hit by Alex Biega and loses puck.
6:01 of 3rd period - Penalty to John Ludvig is over, John Ludvig is back on ice.
7:30 of 3rd period - Alex Whelan is hit by Alex Petrovic and loses puck.
7:37 of 3rd period - Slapshot by Aaron Luchuk.
7:37 of 3rd period - Stopped by Dylan Ferguson without a rebound.
7:38 of 3rd period - Jonatan Berggren wins face-off versus Trent Frederic in Niagara IceDogs zone.
7:51 of 3rd period - Anthony Angello is hit by Alex Newhook and loses puck.
8:09 of 3rd period - Abbott Girduckis is hit by Arttu Ruotsalainen and loses puck.
8:53 of 3rd period - Icing by Arttu Ruotsalainen.
8:54 of 3rd period - Andy Andreoff wins face-off versus Arttu Ruotsalainen in Niagara IceDogs zone.
9:20 of 3rd period - Anthony Angello is hit by Aaron Ness and loses puck.
9:24 of 3rd period - Icing by Jonatan Berggren.
9:25 of 3rd period - Jonatan Berggren wins face-off versus Alex Newhook in Niagara IceDogs zone.
9:48 of 3rd period - Slapshot by Joachim Blichfeld.
9:48 of 3rd period - Shot Misses the Net.
9:50 of 3rd period - Slapshot by Jonatan Berggren.
9:50 of 3rd period - Stopped by Adam Werner with a rebound.
9:52 of 3rd period - Snap shot by Conor Timmins.
9:52 of 3rd period - Shot Blocked by Adam Clendening.
9:54 of 3rd period - Wrist shot by Anthony Angello.
9:54 of 3rd period - Deflect By Joachim Blichfeld.
9:54 of 3rd period - Stopped by Adam Werner with a rebound.
9:56 of 3rd period - Wrist shot by Anthony Angello.
9:56 of 3rd period - Niagara IceDogs goal is going for a video replay.
9:56 of 3rd period - The goal is good.
9:56 of 3rd period - Goal by Anthony Angello - Erie Otters : 3 - Niagara IceDogs : 6.
9:57 of 3rd period - Arttu Ruotsalainen wins face-off versus Andy Andreoff in neutral zone.
10:01 of 3rd period - Icing by Alex Petrovic.
10:02 of 3rd period - Andy Andreoff wins face-off versus Aliaksei Protas in Erie Otters zone.
10:15 of 3rd period - Snap shot by Sampo Ranta.
10:15 of 3rd period - Shot Misses the Net.
10:17 of 3rd period - Snap shot by Sampo Ranta.
10:17 of 3rd period - Stopped by Dylan Ferguson without a rebound.
10:18 of 3rd period - Alex Newhook wins face-off versus Jonatan Berggren in Niagara IceDogs zone.
10:29 of 3rd period - Wrist shot by Jonatan Berggren.
10:29 of 3rd period - Shot Hit the Post.
10:36 of 3rd period - Minor Penalty to Alex Petrovic for Cross-checking.
10:37 of 3rd period - Andy Andreoff wins face-off versus Arttu Ruotsalainen in Erie Otters zone.
12:36 of 3rd period - Penalty to Alex Petrovic is over, Alex Petrovic is back on ice.
12:46 of 3rd period - Chase Pearson is hit by Alec McCrea and loses puck.
12:53 of 3rd period - Snap shot by Alex Newhook.
12:53 of 3rd period - Shot Misses the Net.
12:55 of 3rd period - Slapshot by Kevin Davis.
12:55 of 3rd period - Shot Blocked by Nicholas Robertson.
12:57 of 3rd period - Snap shot by Alex Petrovic.
12:57 of 3rd period - Shot Blocked by Chase Pearson.
12:59 of 3rd period - Snap shot by Alex Newhook.
12:59 of 3rd period - Deflect By Trent Frederic.
12:59 of 3rd period - Shot Misses the Net.
12:59 of 3rd period - Puck is out of play.
13:00 of 3rd period - Aaron Luchuk wins face-off versus Jayden Halbgewachs in Niagara IceDogs zone.
13:10 of 3rd period - Slapshot by Alex Whelan.
13:10 of 3rd period - Shot Misses the Net.
13:12 of 3rd period - Snap shot by Jayden Halbgewachs.
13:12 of 3rd period - Shot Misses the Net.
13:16 of 3rd period - Wrist shot by Jayden Halbgewachs.
13:16 of 3rd period - Stopped by Adam Werner with a rebound.
13:30 of 3rd period - Off-side.
13:31 of 3rd period - Arttu Ruotsalainen wins face-off versus Michael Eyssimont in neutral zone.
13:36 of 3rd period - Snap shot by Michael Eyssimont.
13:36 of 3rd period - Goal by Michael Eyssimont - Erie Otters : 4 - Niagara IceDogs : 6.
13:37 of 3rd period - Arttu Ruotsalainen wins face-off versus Andy Andreoff in neutral zone.
13:42 of 3rd period - Snap shot by Arttu Ruotsalainen.
13:42 of 3rd period - Shot Blocked by Alex Petrovic.
13:44 of 3rd period - Snap shot by Jack Quinn.
13:44 of 3rd period - Shot Misses the Net.
13:46 of 3rd period - Snap shot by Aliaksei Protas.
13:46 of 3rd period - Stopped by Adam Werner with a rebound.
13:48 of 3rd period - Slapshot by Ian Mitchell.
13:48 of 3rd period - Deflect By Arttu Ruotsalainen.
13:48 of 3rd period - Shot Misses the Net.
13:48 of 3rd period - Puck is out of play.
13:49 of 3rd period - Jonatan Berggren wins face-off versus Andy Andreoff in Erie Otters zone.
13:54 of 3rd period - Snap shot by Anthony Angello.
13:54 of 3rd period - Shot Blocked by Alex Petrovic.
13:56 of 3rd period - Snap shot by Joachim Blichfeld.
13:56 of 3rd period - Deflect By Jonatan Berggren.
13:56 of 3rd period - Stopped by Adam Werner with a rebound.
13:58 of 3rd period - Snap shot by Anthony Angello.
13:58 of 3rd period - Shot Misses the Net.
14:00 of 3rd period - Wrist shot by Jacob MacDonald.
14:00 of 3rd period - Deflect By Sampo Ranta.
14:00 of 3rd period - Stopped by Adam Werner with a rebound.
14:02 of 3rd period - Slapshot by Ian Mitchell.
14:02 of 3rd period - Stopped by Adam Werner with a rebound.
14:04 of 3rd period - Slapshot by Ian Mitchell.
14:04 of 3rd period - Shot Misses the Net.
14:30 of 3rd period - Wrist shot by Andy Andreoff.
14:30 of 3rd period - Deflect By Johannes Kinnvall.
14:30 of 3rd period - Shot Misses the Net.
14:30 of 3rd period - Puck is out of play.
14:31 of 3rd period - Arttu Ruotsalainen wins face-off versus Alex Newhook in Niagara IceDogs zone.
14:38 of 3rd period - Wrist shot by Alex Newhook.
14:38 of 3rd period - Goal by Alex Newhook - Erie Otters : 5 - Niagara IceDogs : 6.
14:39 of 3rd period - Arttu Ruotsalainen wins face-off versus Alex Newhook in neutral zone.
14:42 of 3rd period - Alex Biega is hit by Jacob MacDonald and loses puck.
15:05 of 3rd period - Sampo Ranta is hit by Joachim Blichfeld and loses puck.
15:28 of 3rd period - Snap shot by Jayden Halbgewachs.
15:28 of 3rd period - Shot Blocked by Alex Biega.
15:30 of 3rd period - Wrist shot by Jayden Halbgewachs.
15:30 of 3rd period - Deflect By James Hamblin.
15:30 of 3rd period - Stopped by Adam Werner with a rebound.
15:32 of 3rd period - Slapshot by John Ludvig.
15:32 of 3rd period - Deflect By James Hamblin.
15:32 of 3rd period - Shot Hit the Post.
15:32 of 3rd period - Puck is out of play.
15:33 of 3rd period - Jayden Halbgewachs wins face-off versus Aaron Luchuk in Erie Otters zone.
15:33 of 3rd period - John Ludvig beats up Alex Gallant.
15:33 of 3rd period - Penalty to John Ludvig for Fighting.
15:33 of 3rd period - Penalty to Alex Gallant for Fighting.
15:34 of 3rd period - Jayden Halbgewachs wins face-off versus Aaron Luchuk in Erie Otters zone.
15:37 of 3rd period - Slapshot by James Hamblin.
15:37 of 3rd period - Shot Misses the Net.
16:10 of 3rd period - Wrist shot by Nicholas Robertson.
16:10 of 3rd period - Shot Misses the Net.
16:40 of 3rd period - Adam Clendening is hit by Johannes Kinnvall and loses puck.
16:59 of 3rd period - Wrist shot by Jayden Halbgewachs.
16:59 of 3rd period - Stopped by Adam Werner with a rebound.
17:01 of 3rd period - Snap shot by Jayden Halbgewachs.
17:01 of 3rd period - Shot Misses the Net.
17:05 of 3rd period - Wrist shot by Jayden Halbgewachs.
17:05 of 3rd period - Shot Blocked by Aaron Luchuk.
17:07 of 3rd period - Wrist shot by Alex Whelan.
17:07 of 3rd period - Goal by Alex Whelan - Erie Otters : 5 - Niagara IceDogs : 7.
17:08 of 3rd period - Aaron Luchuk wins face-off versus Jayden Halbgewachs in neutral zone.
17:19 of 3rd period - Snap shot by Alex Whelan.
17:19 of 3rd period - Stopped by Adam Werner with a rebound.
17:21 of 3rd period - Wrist shot by James Hamblin.
17:21 of 3rd period - Deflect By Jayden Halbgewachs.
17:21 of 3rd period - Shot Misses the Net.
17:21 of 3rd period - Puck is out of play.
17:22 of 3rd period - Paul Cotter wins face-off versus Chase Pearson in Erie Otters zone.
17:31 of 3rd period - Snap shot by Alex Newhook.
17:31 of 3rd period - Stopped by Dylan Ferguson with a rebound.
17:33 of 3rd period - Slapshot by Alex Petrovic.
17:33 of 3rd period - Shot Blocked by Chase Pearson.
17:35 of 3rd period - Snap shot by Paul Cotter.
17:35 of 3rd period - Shot Blocked by Ian Mitchell.
17:37 of 3rd period - Wrist shot by Paul Cotter.
17:37 of 3rd period - Stopped by Dylan Ferguson with a rebound.
17:43 of 3rd period - Minor Penalty to Chase Pearson for Hooking.
17:44 of 3rd period - Jack Quinn wins face-off versus Andy Andreoff in Niagara IceDogs zone.
18:00 of 3rd period - Wrist shot by Andy Andreoff.
18:00 of 3rd period - Shot Misses the Net.
18:30 of 3rd period - Icing by Sampo Ranta.
18:31 of 3rd period - Jack Quinn wins face-off versus Sampo Ranta in Erie Otters zone.
19:01 of 3rd period - Johannes Kinnvall is hit by Adam Clendening and loses puck.
19:42 of 3rd period - Alex Biega is hit by Aliaksei Protas and loses puck.
19:43 of 3rd period - Penalty to Chase Pearson is over, Chase Pearson is back on ice.
Goals for this period are 2 for Erie Otters vs 2 for Niagara IceDogs.
Shots for this period are 7 for Erie Otters vs 12 for Niagara IceDogs.
Back to the Top